Map: Neon Violet Square LE

Players

Harstem - Winner!

  • Race: Protoss Protoss
  • Spawn Location: 11:00

BackupJ (Kas)

  • Race: Terran Terran
  • Spawn Location: 5:00

Event: WCS Leipzig 2018

VOD

Have the link to the VOD?

Description

Time

  • Played on: Jan. 26, 2018, 11:38 a.m.
  • Length: 14:06

All games in this series

Show
View Real Time Build Order
Export as new Build Order

Harstem Protoss - Winner!

Build Orders: 1 Gate Expand, Oracle Opening, Zealot Archon 

Get SALT Encoding   

  12  0:00  Probe  
  13  0:12  Probe  
  14  0:19  Pylon  
  14  0:24  Probe (Chrono Boost)  
  15  0:37  Gateway  
  15  0:39  Probe (Chrono Boost)  
  16  0:44  Probe (Chrono Boost)  
  16  0:47  Assimilator  
  17  0:54  Probe  
  18  1:06  Probe  
  19  1:18  Probe  
  20  1:27  Nexus  
  20  1:37  Cybernetics Core  
  20  1:39  Probe  
  21  1:46  Assimilator  
  21  1:51  Probe  
  22  1:55  Pylon  
  22  2:03  Probe  
  23  2:13  Adept (Chrono Boost)  
  23  2:15  Probe  
  26  2:18  Stargate  
  26  2:27  Probe (Chrono Boost)  
  26  2:29  Warp Gate  
  27  2:33  Adept  
  29  2:39  Probe (Chrono Boost)  
  29  2:43  Probe (Chrono Boost)  
  31  2:45  Probe (Chrono Boost)  
  32  2:52  Probe (Chrono Boost)  
  32  2:57  Probe (Chrono Boost)  
  32  2:58  Probe (Chrono Boost)  
  33  3:00  Oracle (Chrono Boost)  
  37  3:06  Probe x2  
  39  3:13  Adept  
  39  3:18  Probe x2  
  43  3:30  Probe x2, Oracle (Chrono Boost)  
  46  3:36  Pylon  
  46  3:50  Nexus  
  46  3:54  Probe x2  
  48  4:01  Phoenix  
  50  4:06  Probe  
  50  4:07  Probe  
  52  4:18  Probe  
  52  4:19  Gateway x2  
  52  4:20  Pylon  
  52  4:23  Probe  
  54  4:28  Pylon x2  
  56  4:38  Probe x2  
  52  4:50  Probe x2  
  53  4:54  Phoenix  
  53  4:58  Assimilator  
  55  5:00  Forge  
  55  5:02  Twilight Council, Pylon  
  55  5:03  Assimilator  
  55  5:05  Probe (Chrono Boost)  
  55  5:06  Probe (Chrono Boost)  
  57  5:09  Stalker  
  61  5:14  Probe (Chrono Boost)  
  61  5:16  Probe x2 (Chrono Boost)  
  63  5:23  Probe x2 (Chrono Boost)  
  63  5:24  Stalker  
  63  5:27  Stalker  
  66  5:37  Probe  
  66  5:38  Probe  
  68  5:44  Probe  
  69  5:50  Probe (Chrono Boost), Charge (Chrono Boost)  
  69  5:51  Probe (Chrono Boost)  
  69  5:53  Protoss Ground Armor Level 1 (Chrono Boost)  
  69  5:55  Sentry, Zealot  
  74  5:57  Forge  
  74  6:00  Probe (Chrono Boost), Pylon  
  76  6:07  Gateway  
  76  6:08  Probe (Chrono Boost)  
  76  6:10  Probe (Chrono Boost)  
  77  6:12  Gateway  
  77  6:13  Probe (Chrono Boost)  
  77  6:15  Probe (Chrono Boost)  
  77  6:18  Probe, Pylon  
  80  6:25  Probe  
  81  6:28  Gateway  
  81  6:29  Gateway  
  81  6:32  Probe  
  82  6:36  Probe, Protoss Ground Weapons Level 1 (Chrono Boost)  
  82  6:37  Probe  
  82  6:38  Assimilator  
  84  6:42  Assimilator  
  85  6:47  Templar Archives  
  86  6:54  Zealot x3  
  86  6:59  Gateway  
  90  7:01  Gateway  
  90  7:04  Shield Battery  
  90  7:05  Probe, Phoenix (Chrono Boost)  
  90  7:07  Shield Battery  
  93  7:13  Probe  
  94  7:20  Robotics Facility, Zealot x2  
  94  7:21  Zealot  
  97  7:23  Probe  
  97  7:28  High Templar x2  
  97  7:29  High Templar x2, Blink (Chrono Boost)  
  106  7:31  Probe x2  
  106  7:32  Pylon  
  106  7:37  Archon x2  
  108  7:41  Pylon  
  108  7:43  Pylon  
  106  7:44  Pylon  
  106  7:52  High Templar x2, Zealot  
  106  7:57  Pylon  
  112  8:01  Archon  
  112  8:02  Zealot x4  
  112  8:03  Protoss Ground Armor Level 2 (Chrono Boost)  
  120  8:09  Stalker x2  
  124  8:13  Zealot  
  126  8:25  Zealot x5  
  126  8:26  Zealot  
  134  8:33  Stalker x2  
  130  8:34  Stalker  
  132  8:41  Probe x2  
  134  8:50  Probe  
  134  8:53  Nexus, Oracle (Chrono Boost)  
  128  8:58  High Templar x2, Zealot x3  
  128  8:59  Protoss Ground Weapons Level 2 (Chrono Boost)  
  141  9:03  Observer (Chrono Boost)  
  141  9:05  Archon  
  141  9:08  Stalker  
  144  9:12  Stalker  
  144  9:14  Probe  
  148  9:19  Robotics Bay  
  148  9:22  Pylon, Warp Prism (Chrono Boost)  
  149  9:33  Stalker x2  
  149  9:38  Stalker x2  
  157  9:41  Pylon  
  157  9:48  Stalker x3  
  163  9:55  Probe  
  164  10:00  Robotics Facility  
  164  10:06  Pylon  
  164  10:07  Pylon  
  164  10:08  Zealot x3  
  164  10:11  Disruptor (Chrono Boost)  
  173  10:20  Protoss Ground Armor Level 3 (Chrono Boost)  
  171  10:32  Pylon  
  171  10:39  Disruptor (Chrono Boost)  
  171  10:41  Zealot x4  
  171  10:42  Zealot x5  
  191  10:53  Disruptor (Chrono Boost)  
  191  11:03  Photon Cannon  
  191  11:04  Observer  
  194  11:05  Photon Cannon  
  194  11:08  Shield Battery  
  194  11:09  Protoss Ground Weapons Level 3 (Chrono Boost)  
  188  11:12  Disruptor (Chrono Boost)  
  188  11:16  Dark Shrine, Disruptor (Chrono Boost)  
  181  11:38  Stalker x3  
  181  11:39  Stalker x3  
  156  12:02  Stalker x3  
  156  12:05  Sentry  
  156  12:06  Stalker x5  
  163  12:17  Probe x3  
  163  12:18  Colossus (Chrono Boost)  
  163  12:19  Assimilator  
  163  12:22  Assimilator  
  164  12:29  Colossus (Chrono Boost)  
  162  12:31  Nexus  
  168  12:37  Dark Templar  
  168  12:38  Zealot x5  
  168  12:43  Zealot, Dark Templar  
  181  12:48  Dark Templar  
  177  12:58  Dark Templar  
  177  12:59  Zealot x4  
  177  13:05  Pylon  
  170  13:15  Dark Templar  
  159  13:24  Nexus  
  159  13:26  Gateway  
  152  13:27  Dark Templar x2  
  152  13:28  Gateway  
  152  13:33  Gateway  
  154  13:40  Dark Templar x2  
  147  13:46  Probe  
  136  14:01  Zealot x2  
Show
View Real Time Build Order
Export as new Build Order

BackupJ Terran 

Build Orders: Gas First Reaper Expand, Reaper Expand, MMM Bio 

Get SALT Encoding   

  12  0:00  SCV  
  13  0:13  SCV  
  14  0:18  Supply Depot  
  14  0:25  SCV  
  15  0:29  Refinery  
  15  0:39  SCV  
  16  0:45  Barracks  
  16  0:51  SCV  
  17  1:05  SCV  
  18  1:17  SCV  
  19  1:33  Orbital Command, Reaper  
  20  1:46  Command Center  
  20  2:04  SCV, Factory  
  20  2:08  Barracks Reactor  
  21  2:14  Refinery  
  21  2:16  SCV  
  21  2:20  Supply Depot  
  22  2:28  SCV  
  23  2:41  SCV  
  24  2:54  SCV  
  24  2:55  Hellion x2  
  29  3:02  Starport, Marine  
  29  3:04  Orbital Command  
  30  3:06  SCV  
  31  3:17  Hellion x2  
  35  3:21  Marine  
  36  3:29  SCV  
  37  3:35  Engineering Bay  
  37  3:39  SCV  
  37  3:41  Medivac  
  40  3:47  SCV  
  41  3:49  Cyclone  
  41  3:52  Marine  
  43  4:00  SCV  
  43  4:01  Liberator  
  43  4:04  Missile Turret  
  43  4:06  Marine  
  42  4:10  SCV  
  42  4:12  SCV  
  46  4:24  Missile Turret  
  46  4:26  SCV  
  46  4:28  Supply Depot  
  46  4:43  SCV  
  43  4:50  SCV  
  43  4:52  Factory Tech Lab, Marine x2  
  40  4:55  SCV  
  40  4:57  Barracks  
  43  5:01  Barracks  
  43  5:02  SCV  
  44  5:07  SCV  
  44  5:10  Marine  
  44  5:11  Marine  
  47  5:14  SCV  
  47  5:17  Terran Infantry Weapons Level 1  
  47  5:19  SCV  
  49  5:21  Factory Reactor  
  49  5:26  Refinery, SCV  
  49  5:28  Marine  
  50  5:29  Marine  
  50  5:31  SCV  
  50  5:33  Supply Depot  
  50  5:34  Supply Depot  
  53  5:38  SCV  
  54  5:50  SCV, Marine x2  
  54  5:52  Barracks Tech Lab  
  54  5:54  SCV, Marine, Stimpack  
  54  5:56  Supply Depot  
  56  6:00  Starport Reactor  
  56  6:02  SCV, Widow Mine  
  59  6:07  SCV  
  59  6:08  Marine x2  
  62  6:11  Combat Shields  
  62  6:12  Marine x2  
  62  6:14  SCV  
  69  6:25  Widow Mine, Marine x2  
  69  6:26  Widow Mine  
  69  6:30  Supply Depot x2, Marine x2  
  73  6:37  Medivac x2  
  77  6:43  Marine  
  78  6:51  Marine x2  
  78  6:52  Liberator x2  
  80  6:54  Supply Depot  
  80  6:55  Marine  
  80  6:59  SCV  
  80  7:00  Supply Depot  
  82  7:01  Marine  
  87  7:08  Widow Mine x2  
  87  7:09  Marine  
  87  7:12  Supply Depot  
  87  7:15  Marine x2  
  94  7:19  Marine  
  97  7:23  Terran Infantry Armor Level 1  
  97  7:25  Command Center  
  97  7:27  Marine  
  98  7:33  Marine  
  98  7:34  Barracks  
  98  7:36  Barracks  
  99  7:40  Marine, Marauder  
  102  7:44  Liberator  
  102  7:46  Marauder  
  102  7:47  Liberator  
  102  7:51  Marine  
  104  7:55  Refinery  
  104  7:56  Widow Mine x2  
  104  7:57  Marine  
  110  8:01  Marauder  
  118  8:09  Supply Depot  
  118  8:12  Supply Depot  
  118  8:25  Marauder  
  115  8:28  Liberator  
  93  8:38  Marauder  
  93  8:39  Barracks Tech Lab, Marine x2, Barracks Reactor  
  93  8:40  Orbital Command  
  94  8:46  Marauder  
  94  8:47  Widow Mine, Supply Depot  
  99  8:58  Widow Mine, Marine  
  99  8:59  Armory, Marauder  
  99  9:00  Engineering Bay  
  99  9:01  SCV  
  105  9:04  SCV  
  105  9:07  Marauder  
  105  9:09  Widow Mine  
  112  9:17  Marauder  
  112  9:19  Marine x3  
  112  9:20  Marine  
  112  9:21  Marauder  
  112  9:23  Concussive Shells  
  118  9:25  SCV x2  
  118  9:29  Marauder  
  122  9:37  Marine  
  122  9:38  Marauder  
  122  9:41  SCV  
  122  9:42  Marauder  
  125  9:49  Marine x2  
  125  9:50  Terran Infantry Weapons Level 2, Marauder  
  129  9:52  Terran Infantry Armor Level 2  
  129  9:56  Widow Mine x2  
  129  9:57  SCV x2  
  129  9:59  Supply Depot  
  137  10:00  Marauder  
  137  10:02  Medivac  
  139  10:11  Marine x3, Marauder  
  139  10:12  Marauder  
  146  10:16  SCV x3  
  145  10:32  Marauder  
  147  10:36  Liberator x2  
  144  10:44  Marauder  
  136  10:51  Marine x3, Marauder  
  136  10:52  Marine  
  136  10:53  Widow Mine, Marauder  
  144  11:01  SCV  
  145  11:06  Marauder  
  145  11:09  Marine  
  138  11:13  Marauder  
  138  11:20  Marine x2, Marauder  
  138  11:21  Widow Mine  
  138  11:22  Widow Mine  
  146  11:26  SCV x2  
  146  11:27  Marauder  
  146  11:29  Supply Depot  
  146  11:30  Supply Depot  
  146  11:31  Supply Depot  
  150  11:43  Marauder x2, Marine x2  
  136  12:08  Marine, Marauder x2  
  139  12:09  Medivac x2  
  139  12:12  Marauder  
  145  12:16  SCV x2  
  145  12:35  Marauder  
  145  12:37  Widow Mine x2  
  151  12:38  Marine, Marauder x2  
  151  12:39  Medivac x2  
  151  12:40  Marine x2  
  152  12:54  Marine  
  152  12:55  Marine  
  152  12:56  Marauder  
  137  12:59  Marauder  
  137  13:04  Marine  
  137  13:05  Marine, Marauder  
  132  13:11  Marine  
  122  13:17  Marauder  
  113  13:21  Marauder, Marine  
  113  13:22  Marine  
  113  13:26  Marauder  
Tags
 
Add a new tag
Caveats
  • Supply blocks, unpowered buildings, or Contaminate may cause inaccurate times.
  • Supply counts are checked every 10 seconds.